Map: Alcyone LE

Players

trigger

  • Race: Protoss Protoss
  • League: Grandmaster
  • Spawn Location: 7:00

LiquidElazer (Elazer) - Winner!

  • Race: Zerg Zerg
  • Spawn Location: 1:00

Event: HomeStory Cup XXV

VOD

Have the link to the VOD?

Description

Time

  • Played on: June 22, 2024, 1:57 p.m.
  • Length: 14:34

All games in this series

Show
View Real Time Build Order
Export as new Build Order

trigger Protoss 

Build Orders: 1 Gate Expand, Oracle Opening, Archon Immortal 

Get SALT Encoding   

  12  0:00  Probe  
  13  0:12  Probe  
  14  0:20  Pylon  
  14  0:24  Probe  
  15  0:38  Probe (Chrono Boost)  
  15  0:39  Gateway  
  16  0:47  Probe (Chrono Boost)  
  17  0:52  Probe (Chrono Boost)  
  18  1:12  Nexus  
  18  1:15  Assimilator  
  18  1:18  Probe (Chrono Boost)  
  19  1:27  Probe (Chrono Boost)  
  19  1:31  Cybernetics Core  
  20  1:33  Probe  
  21  1:40  Assimilator  
  21  1:45  Probe  
  22  1:50  Pylon  
  22  1:57  Probe  
  23  2:08  Adept (Chrono Boost)  
  23  2:09  Probe  
  26  2:21  Probe  
  27  2:24  Stargate  
  27  2:25  Probe  
  27  2:28  Adept (Chrono Boost)  
  28  2:34  Probe  
  31  2:38  Warp Gate, Probe  
  32  2:46  Probe  
  32  2:50  Probe  
  34  2:58  Probe  
  35  3:02  Probe  
  35  3:04  Pylon  
  38  3:06  Oracle (Chrono Boost)  
  38  3:10  Probe  
  40  3:14  Probe  
  40  3:16  Gateway  
  41  3:20  Stalker  
  41  3:22  Probe  
  41  3:26  Probe  
  45  3:34  Probe  
  45  3:38  Probe  
  45  3:39  Nexus  
  47  3:43  Pylon  
  47  3:46  Probe  
  47  3:47  Oracle (Chrono Boost)  
  48  3:51  Probe  
  52  3:58  Probe  
  52  4:01  Pylon  
  53  4:03  Probe  
  53  4:04  Assimilator  
  53  4:06  Assimilator  
  54  4:10  Probe  
  54  4:13  Pylon  
  54  4:15  Probe  
  56  4:22  Oracle, Probe  
  60  4:27  Adept  
  60  4:28  Adept, Probe  
  65  4:35  Probe  
  66  4:40  Probe  
  66  4:45  Twilight Council  
  67  4:47  Forge, Probe (Chrono Boost)  
  67  4:52  Probe (Chrono Boost)  
  69  4:54  Probe (Chrono Boost)  
  69  4:56  Shield Battery  
  69  4:59  Probe (Chrono Boost)  
  71  5:03  Probe x2 (Chrono Boost)  
  71  5:05  Probe (Chrono Boost)  
  71  5:06  Robotics Facility x2  
  74  5:07  Probe (Chrono Boost)  
  74  5:09  Probe (Chrono Boost)  
  74  5:13  Probe  
  74  5:14  Pylon  
  77  5:18  Probe  
  77  5:20  Protoss Ground Weapons Level 1 (Chrono Boost)  
  77  5:21  Charge, Probe  
  79  5:25  Probe  
  79  5:26  Zealot  
  79  5:27  Adept  
  84  5:30  Probe  
  85  5:36  Probe  
  85  5:42  Probe  
  79  5:44  Assimilator  
  79  5:46  Assimilator, Gateway  
  79  5:55  Probe  
  79  5:56  Zealot x2  
  79  5:57  Probe  
  85  6:01  Gateway  
  85  6:02  Gateway, Probe  
  86  6:05  Templar Archives  
  86  6:12  Probe  
  86  6:13  Immortal  
  86  6:14  Gateway  
  86  6:16  Pylon  
  86  6:17  Immortal  
  95  6:23  Pylon  
  95  6:24  Zealot x2  
  95  6:41  Psionic Storm  
  95  6:42  Pylon  
  95  6:45  Shield Battery, High Templar x2  
  99  6:50  Immortal (Chrono Boost)  
  99  6:53  High Templar  
  105  6:56  Photon Cannon  
  105  6:59  Photon Cannon  
  105  7:00  Immortal (Chrono Boost)  
  105  7:01  Photon Cannon  
  105  7:03  Photon Cannon  
  109  7:13  High Templar  
  109  7:14  Forge  
  111  7:16  Protoss Ground Armor Level 1 (Chrono Boost), Photon Cannon  
  111  7:20  Photon Cannon  
  111  7:22  High Templar, Pylon  
  111  7:23  Zealot x2  
  111  7:24  Zealot  
  119  7:30  Photon Cannon  
  119  7:33  Immortal x2  
  125  7:53  Zealot x3  
  125  7:54  Zealot  
  131  8:07  High Templar x2  
  131  8:10  Immortal  
  131  8:12  Immortal  
  131  8:18  Zealot x2, Pylon  
  133  8:20  Pylon  
  133  8:21  Pylon x2  
  133  8:24  Pylon  
  133  8:26  Archon  
  133  8:30  Pylon  
  133  8:35  Pylon, Protoss Shields Level 1 (Chrono Boost)  
  133  8:37  Pylon  
  133  8:50  Immortal (Chrono Boost)  
  133  8:55  Nexus  
  137  8:56  Pylon  
  137  8:57  Pylon  
  137  9:01  Immortal (Chrono Boost)  
  137  9:02  High Templar x4  
  143  9:06  Archon x2  
  143  9:07  Zealot x2  
  140  9:10  Protoss Ground Weapons Level 2 (Chrono Boost)  
  140  9:22  Pylon  
  140  9:23  Nexus  
  140  9:24  Pylon  
  140  9:26  Pylon, Immortal (Chrono Boost)  
  140  9:28  Zealot x2  
  148  9:32  Pylon  
  148  9:37  High Templar  
  148  9:38  High Templar  
  151  9:41  Zealot x2, Archon  
  155  9:51  Immortal  
  152  9:58  Immortal  
  126  10:11  Nexus  
  126  10:12  High Templar x2  
  130  10:15  Pylon  
  130  10:16  High Templar  
  130  10:17  Pylon  
  132  10:26  Zealot x3  
  138  10:30  Immortal  
  142  10:37  Warp Prism  
  142  10:40  Gateway  
  142  10:41  Gateway  
  140  10:51  Archon  
  140  10:56  Zealot x2  
  140  10:57  Zealot x4  
  118  11:09  Immortal (Chrono Boost)  
  118  11:12  Warp Prism (Chrono Boost)  
  118  11:17  High Templar  
  118  11:18  High Templar  
  116  11:34  Protoss Ground Weapons Level 3, High Templar x3  
  116  11:36  Assimilator  
  116  11:39  Zealot  
  124  11:41  Shield Battery  
  124  11:42  Assimilator  
  124  11:43  Photon Cannon  
  124  11:45  Protoss Ground Armor Level 2, Photon Cannon  
  124  11:47  Probe  
  124  11:48  Observer (Chrono Boost)  
  124  11:50  Zealot x2  
  124  11:52  Zealot x2  
  132  12:02  Zealot  
  125  12:08  Zealot  
  125  12:09  Zealot x2  
  125  12:11  Zealot  
  121  12:16  Observer  
  121  12:17  High Templar  
  121  12:18  Probe x3  
  127  12:24  Immortal (Chrono Boost)  
  127  12:27  Zealot  
  127  12:28  Pylon  
  127  12:32  Shield Battery, Pylon  
  127  12:36  Probe  
  128  12:41  Observer (Chrono Boost)  
  129  12:53  Immortal (Chrono Boost)  
  133  13:04  Zealot x3, Nexus  
  133  13:05  Zealot  
  139  13:08  Pylon  
  135  13:13  High Templar x3  
  135  13:26  Immortal  
  138  13:32  Zealot x4  
  138  13:33  Immortal  
  134  13:49  High Templar  
  134  13:55  Nexus  
  131  13:59  Archon x2  
  100  14:11  Pylon  
  94  14:17  Zealot x4  
  94  14:18  Zealot x2  
Show
View Real Time Build Order
Export as new Build Order

LiquidElazer Zerg - Winner!

Build Orders: Hatch First, Lurkers 

Get SALT Encoding   

  12  0:00  Drone  
  13  0:12  Overlord  
  13  0:17  Drone  
  14  0:30  Drone x2  
  16  0:50  Hatchery  
  16  0:51  Drone  
  16  0:55  Drone  
  17  0:58  Drone  
  18  1:09  Extractor  
  17  1:13  Spawning Pool  
  17  1:16  Drone  
  17  1:20  Drone  
  18  1:28  Drone  
  19  1:38  Drone  
  20  1:49  Drone  
  21  2:01  Queen x2  
  21  2:02  Zergling x2  
  21  2:06  Overlord  
  26  2:11  Drone  
  26  2:12  Metabolic Boost  
  27  2:17  Drone  
  28  2:24  Drone x2  
  30  2:36  Hatchery  
  29  2:39  Queen  
  29  2:43  Drone  
  32  2:45  Drone  
  32  2:48  Overlord  
  33  2:54  Zergling x4  
  33  2:55  Zergling x2  
  36  3:05  Overlord  
  36  3:06  Queen  
  36  3:09  Drone  
  36  3:12  Drone x2  
  41  3:20  Drone x3  
  41  3:24  Queen  
  46  3:27  Spore Crawler  
  46  3:28  Drone  
  46  3:30  Drone  
  47  3:39  Overlord  
  47  3:41  Drone x3  
  50  3:44  Drone  
  50  3:48  Drone x3  
  54  3:55  Overlord  
  54  3:58  Drone x2  
  54  4:00  Queen  
  58  4:06  Drone x3  
  58  4:07  Evolution Chamber  
  58  4:09  Spore Crawler  
  59  4:13  Drone x3  
  59  4:17  Overlord  
  62  4:18  Drone x2  
  62  4:22  Drone x2  
  66  4:25  Overlord  
  66  4:27  Drone x2  
  68  4:32  Zergling x8  
  72  4:40  Hatchery  
  72  4:44  Overlord  
  71  4:46  Zerg Melee Weapons Level 1, Overlord  
  71  4:50  Drone  
  71  4:52  Zergling x8  
  75  4:56  Zergling x8  
  79  5:00  Lair  
  79  5:02  Overlord  
  79  5:08  Drone x3, Overlord  
  79  5:10  Drone, Extractor  
  79  5:12  Extractor x2  
  83  5:14  Drone x3  
  83  5:25  Spore Crawler  
  83  5:26  Overlord  
  80  5:36  Drone x8  
  82  5:43  Drone x4, Overlord  
  82  5:45  Drone  
  82  5:48  Drone x3  
  90  5:54  Drone x6  
  90  5:55  Overlord  
  95  6:01  Overlord  
  95  6:08  Hydralisk Den, Overlord  
  95  6:11  Zergling x4  
  96  6:16  Zergling x12  
  96  6:18  Overseer  
  102  6:19  Overlord  
  102  6:24  Overlord  
  102  6:25  Drone x2  
  103  6:31  Overlord  
  103  6:32  Drone x2, Extractor  
  103  6:34  Drone x3, Baneling Nest  
  103  6:37  Drone, Extractor, Grooved Spines  
  103  6:39  Drone x2  
  107  6:40  Drone  
  107  6:41  Overlord, Zerg Missile Weapons Level 1  
  107  6:43  Drone  
  108  6:49  Hydralisk  
  108  6:50  Hydralisk x3  
  108  6:52  Hatchery  
  115  6:55  Hydralisk x3  
  115  7:00  Drone  
  115  7:01  Drone x3, Extractor  
  124  7:04  Hydralisk x2  
  128  7:13  Hydralisk x3  
  134  7:18  Hydralisk x2  
  134  7:19  Hatchery  
  137  7:26  Hydralisk x2  
  137  7:27  Muscular Augments  
  139  7:33  Zergling x26  
  152  7:40  Centrifugal Hooks  
  152  7:41  Hydralisk  
  152  7:42  Hydralisk x3  
  152  7:44  Hydralisk  
  160  7:46  Zergling x8  
  165  7:54  Hydralisk x2  
  169  8:00  Zergling x16  
  174  8:08  Zergling x14  
  174  8:11  Zergling x8  
  173  8:20  Zergling x8  
  173  8:24  Infestation Pit  
  173  8:26  Evolution Chamber  
  175  8:28  Drone x3  
  178  8:34  Zerg Melee Weapons Level 2  
  178  8:35  Drone x4  
  178  8:40  Overseer  
  182  8:41  Unknown  
  182  8:44  Zergling x16  
  182  8:46  Baneling x13  
  182  8:47  Baneling x18  
  189  8:53  Spore Crawler, Zergling x12  
  193  9:09  Zerg Missile Weapons Level 2, Hive  
  193  9:12  Baneling x2  
  193  9:13  Baneling x7  
  166  9:59  Zergling x38  
  163  10:00  Zergling x6, Hydralisk x3  
  163  10:03  Zergling x38  
  185  10:11  Zergling x6  
  185  10:12  Overlord  
  185  10:13  Overlord x2  
  188  10:14  Pneumatized Carapace  
  188  10:16  Overseer x3  
  188  10:19  Lurker Den  
  187  10:21  Baneling x11  
  187  10:22  Baneling x3  
  187  10:26  Adrenal Glands  
  187  10:28  Zergling x2  
  187  10:31  Baneling x26  
  188  10:41  Zergling x42  
  186  10:55  Zergling x30  
  141  11:06  Hydralisk x8  
  154  11:12  Zerg Melee Weapons Level 3  
  154  11:13  Hydralisk  
  154  11:14  Hydralisk x2  
  154  11:18  Seismic Spines  
  159  11:21  Drone x2  
  159  11:22  Drone  
  162  11:26  Hydralisk x7  
  175  11:34  Zergling x8  
  175  11:39  Zergling x2  
  185  11:40  Zergling x10  
  185  11:41  Hatchery  
  185  11:45  Zergling x20  
  171  12:10  Zergling x28  
  171  12:15  Adaptive Talons  
  176  12:21  Drone  
  176  12:22  Drone x7  
  174  12:24  Drone x7  
  178  12:42  Lurker  
  178  12:43  Lurker x13  
  192  12:48  Drone x2  
  192  12:49  Drone  
  192  12:50  Drone x4  
  199  13:00  Unknown  
  199  13:04  Spine Crawler x3  
  199  13:05  Spine Crawler  
  172  13:25  Lurker x5  
  172  13:26  Lurker x2  
  168  13:30  Zergling x58  
  196  13:39  Zergling x6  
  181  13:56  Hydralisk x12  
  181  13:58  Zergling x2  
  181  13:59  Zergling x14  
  183  14:07  Zergling x8  
  174  14:16  Zergling x2  
Tags
 
Add a new tag
Caveats
  • Supply blocks, unpowered buildings, or Contaminate may cause inaccurate times.
  • Supply counts are checked every 10 seconds.